 Dungeon Crawl Stone Soup version 0.28.0-53-g5a82cb258f (webtiles) character file.

Game seed: 17785988287958508467

7 Martska the Grasshopper (level 2, 0/22 HPs)
             Began as a Human Warper on June 26, 2022.
             Slain by a goblin
             ... wielding a +1 dagger of venom
             ... led by Robin
              (3 damage)
             ... on level 2 of the Dungeon.
             The game lasted 00:01:15 (381 turns).

Martska the Grasshopper (Human Warper)               Turns: 381, Time: 00:01:17

Health: 0/22       AC:  3    Str: 11    XL:     2   Next: 5%
Magic:  5/5        EV: 11    Int: 13    God:
Gold:   9          SH:  0    Dex: 12    Spells: 5/5 levels left

rFire   . . .      SeeInvis .   a - +0 spear
rCold   . . .      Faith    .   (no shield)
rNeg    . . .      Spirit   .   b - +0 leather armour
rPois   .          Reflect  .   (no helmet)
rElec   .          Harm     .   (no cloak)
rCorr   .          Rampage  .   (no gloves)
Will    .....                   (no boots)
Stlth   +.........              (no amulet)
HPRegen 0.07/turn               (no ring)
MPRegen 0.09/turn               (no ring)

@: no status effects
A: no striking features
a: no special abilities


You were on level 2 of the Dungeon.
You visited 1 branch of the dungeon, and saw 2 of its levels.

You collected 9 gold pieces.

Inventory:

Hand Weapons
 a - a +0 spear (weapon)
Missiles
 d - 5 boomerangs of dispersal (quivered)
Armour
 b - a +0 leather armour (worn)
Scrolls
 e - a scroll of identify {unknown}


   Skills:
 * Level 2.2 Fighting
 * Level 2.2 Polearms
 - Level 1.0 Throwing
 - Level 1.0 Armour
 * Level 2.2 Dodging
 - Level 2.0 Spellcasting
 - Level 3.0 Translocations


You had 5 spell levels left.
You didn't know any spells.
Your spell library contained the following spells:

 Spells                   Type           Power      Damage    Failure   Level
 Blink                    Tloc           18%        N/A       14%         2
 Gell's Gravitas          Tloc           9%         N/A       28%         3
 Lesser Beckoning         Tloc           9%         N/A       28%         3
 Teleport Other           Tloc           9%         N/A       28%         3
 Manifold Assault         Tloc           9%         N/A       95%         5


Dungeon Overview and Level Annotations

Branches:
Dungeon (1/15)

Altars:

Annotations:
D:2 Robin


Message History

The bat is moderately wounded.
The bat hits you. The hobgoblin hits you.
* * * LOW HITPOINT WARNING * * *
Reach: a) +0 spear
Press: ? - help, Dir - move target, f/p - bat
Aim: a bat (moderately wounded, about 52% to evade your +0 spear)
You reach to attack!
You hit the bat.
You kill the bat!
The hobgoblin hits you but does no damage.
Blink to where?
Press: ? - help, Dir - move target
As you read the scroll of blinking, it crumbles to dust.
A goblin comes into view. It is wielding a +0 dagger.
Found a garnet ring.
The goblin shouts!
A hobgoblin comes into view.
The goblin hits you but does no damage.
A rat comes into view.
The hobgoblin shouts!
The goblin hits you with a +0 dagger.
* * * LOW HITPOINT WARNING * * *
Found a bronze ring.
The goblin barely misses you.
There is a shaft here.
You fall into a shaft and drop 1 floor!
The shaft crumbles and collapses.
The kobold shouts!
A goblin comes into view.
It is wielding a +0 dagger. 2 goblins come into view.
The goblin shouts!
You hear a shout! x3
A hobgoblin comes into view.
A goblin comes into view. It is wielding a +0 club.
The hobgoblin shouts!
The goblin shouts!
The goblin moves out of view.
Robin and 3 goblins come into view.
A goblin is wielding a +1 dagger of venom.
Robin shouts!
The goblin shouts! x3; You hear a shout!
The bat closely misses you. Robin throws the goblin at you! The bat hits you.
* * * LOW HITPOINT WARNING * * *
The goblin hits you with a +1 dagger of venom.
You die...

#≈≈≈..≈..≈..≈.
#≈≈...≈.⌠≈..≈.
#≈≈..≈..≈⌠.≈..
#≈≈..≈..≈..≈..
##≈..K≈≈..≈..≈
##.r.....≈..≈ ##.
#........≈≈.
.....###b..........
......g@...........
.......g..........#
.#.#.#.###g####....
# #. .... ... #.
.### gg .# gg ≈..


You could see Robin, a quokka, 6 goblins, a bat and a kobold.

Vanquished Creatures
  A dart slug (D:1)
  A hobgoblin (D:1)
  A ball python (D:1)
  A bat (D:1)
  A kobold (D:1)
  A rat (D:1)
6 creatures vanquished.

Notes
Turn   | Place    | Note
-------+----------+-------------------------------------------
     0 | D:1      | Martska the Human Warper began the quest for the Orb.
     0 | D:1      | Reached XP level 1. HP: 16/16 MP: 3/3
   258 | D:1      | Found a faded altar of an unknown god.
   267 | D:1      | Reached XP level 2. HP: 22/22 MP: 5/5
   376 | D:1      | You fall into a shaft and drop 1 floor!
   381 | D:2      | Noticed Robin
   381 | D:2      | Slain by a goblin

Illustrated notes

Levels and vault maps discovered:
D:1:      dpeg_arrival_arbitrary_c, layout_rooms,
          ebering_ecumenical_altar_petrified, serial_curves, eino_curves_04,
          eino_curves_03, kennysheep_flooded_box,
          minmay_misc_feat_secret_circle, minmay_pentomino_t2
D:2:      cheibrodos_helix_gallery, layout_basic,
          corexii_item_surrounded_by_moat, kennysheep_jessica_study, uniq_robin

Action                   || total
-------------------------++-------
Melee: Spear             ||    22
  Use: Scroll            ||     1
Armor: Leather armour    ||     8
Dodge: Dodged            ||    28
